 Dungeon Crawl Stone Soup version 0.31-a0-188-g5e087ee2ca (webtiles) character file.

Game seed: 12313352458156565346

6407 qw the Markself (level 10, -3/60 HPs)
             Began as a Deep Elf Hunter on June 23, 2023.
             Was a Follower of Okawaru.
             Slain by a tengu warrior
             ... wielding a +0 war axe
              (8 damage)
             ... on level 13 of the Dungeon.
             The game lasted 00:04:52 (10124 turns).

qw the Markself (Deep Elf Hunter)                  Turns: 10124, Time: 00:04:52

Health: -3/60      AC: 15    Str: 10    XL:     10   Next: 66%
Magic:  11/12      EV: 19    Int: 15    God:    Okawaru [*.....]
Gold:   658        SH:  0    Dex: 20    Spells: 9/9 levels left

rFire   . . .        a - +0 orcbow (flame)
rCold   + . .        (shield currently unavailable)
rNeg    . . .        c - +1 ring mail of Doggish {+Inv rPois rC+}
rPois   +            u - +0 helmet
rElec   .            p - +1 cloak
rCorr   .            (no gloves)
SInv    .            (no boots)
Will    +....        (no amulet)
Stlth   +++          d - +4 ring of slaying {mikee}
HPRegen 0.30/turn    s - +4 ring of protection
MPRegen 0.13/turn

%: no passive effects
@: about to teleport, heroic
A: no striking features
a: Renounce Religion, Evoke Invisibility, Heroism


You were on level 13 of the Dungeon.
You worshipped Okawaru.
Okawaru was aware of your devotion.
You visited 2 branches of the dungeon, and saw 12 of its levels.

You collected 658 gold pieces.


   Skills:
 - Level 6.0(11.0) Fighting
 - Level 16.0(21.0) Ranged Weapons
 + Level 2.4(7.4) Armour
 - Level 9.8(14.8) Dodging
 - Level 1.2(6.2) Stealth
 + Level 0.7 Invocations


You had 9 spell levels left.
You didn't know any spells.
Your spell library was empty.

Inventory:

Hand Weapons
 a - a +0 orcbow of flaming (weapon)
Armour
 c - the +1 ring mail of Doggish (worn) {+Inv rPois rC+}
   (You found it on level 4 of the Dungeon)

   rC:        It protects you from cold.
   rPois:     It protects you from poison.
   +Inv:      It lets you turn invisible.
 o - the +3 ring mail "Hero's Friend" {-Cast rF++ Str+3 Stlth-}
   (You found it on level 7 of the Dungeon)

   Str:       It affects your strength (+3).
   rF:        It greatly protects you from fire.
   -Cast:     It prevents spellcasting.
   Stlth:     It makes you less stealthy.
 p - a +1 cloak (worn)
 u - a +0 helmet (worn)
Jewellery
 d - a +4 ring of slaying (left hand) {mikee}
 k - a ring of poison resistance
 s - a +4 ring of protection (right hand)
Scrolls
 b - 2 scrolls of teleportation
 n - a scroll of identify
Potions
 f - 5 potions of curing
 g - 2 potions of resistance
 h - a potion of mutation
 i - 3 potions of haste
 j - 2 potions of might
 m - 3 potions of degeneration {unknown}
 q - a potion of ambrosia {unknown}
 r - a potion of attraction {unknown}
 t - a potion of enlightenment {unknown}

Dungeon Overview and Level Annotations

Branches:
Dungeon (10/15)            Temple (1/1) D:5
   Lair: D:8-11         Orc: D:9-12

Altars:
Ashenzari
Cheibriados
Dithmenos
Elyvilon
Fedhas
Gozag
Hepliaklqana
Kikubaaqudgha
Makhleb
Nemelex Xobeh
Okawaru
Qazlal
Ru
Sif Muna
Trog
Uskayaw
Vehumet
Wu Jian
Xom
Yredelemnul
Zin
The Shining One

Shops:
D:3 *   D:6 (   D:9 (

Annotations:
D:5 1 runed translucent door, qw's ghost, novice DEHu
D:7 1 runed translucent door, qw's ghost, novice GrFi
D:10 Maggie


Message History

The tengu warrior pecks you. The tengu warrior claws you.
You shoot an arrow.
The arrow closely misses the tengu warrior.
You shoot an arrow. The arrow hits the tengu warrior.
The arrow burns the tengu warrior.
The tengu warrior is severely wounded.
The tengu warrior misses you.
The tengu warrior pecks you but does no damage.
The tengu warrior closely misses you.
You shoot an arrow.
The arrow barely misses the tengu warrior.
The tengu warrior hits you with a +0 war axe!
The tengu warrior completely misses you.
The tengu warrior misses you.
You shoot an arrow.
The arrow completely misses the tengu warrior.
The tengu warrior hits you with a +0 war axe.
The tengu warrior completely misses you.
The tengu warrior barely misses you.
You shoot an arrow. The arrow hits the tengu warrior!
The arrow burns the tengu warrior.
The tengu warrior is almost dead.
The tengu warrior barely misses you.
The tengu warrior pecks you but does no damage.
The tengu warrior completely misses you.
You shoot an arrow.
The arrow hits the tengu warrior but does no damage.
The tengu warrior is almost dead.
The tengu warrior hits you with a +0 war axe.
The tengu warrior pecks you but does no damage.
The tengu warrior claws you but does no damage.
You shoot an arrow. The tengu warrior blocks the arrow.
The tengu warrior hits you with a +0 war axe!
The tengu warrior misses you.
The tengu warrior claws you but does no damage.
10124 ||| READING 3 scrolls of teleportation.
As you read the scroll of teleportation, it crumbles to dust.
You feel strangely unstable.
The tengu warrior hits you with a +0 war axe!
You die...

##[ .##.##
##..#..^#..#.
#............
#.... _....
#.... ....
#...# ..#
#.#.##Q##..#.
#:#..@.......
#.......¤....
#..#####¤###.
##....# ¤#
####.# ¤. #
¤# ¤


You could see a tengu warrior.

Vanquished Creatures
  A hydra (D:13)
  A troll (D:10)
  Prince Ribbit (D:7)
  A wraith (D:10)
  A steam dragon (D:8)
  A vampire mosquito (D:8)
  4 ice beasts
  2 orc warriors
  4 sky beasts
  3 ogres
  5 centaurs
  2 phantoms
  A kobold brigand (D:8)
  3 bullfrogs
  A scorpion (D:5)
  20 wights
  16 killer bees
  2 howler monkeys
  5 hounds
  8 orc priests
  2 gnoll boudas
  2 sleepcaps
  3 orc wizards
  6 iguanas
  12 gnolls
  15 adders
  2 shadow imps (D:6)
  2 white imps
  3 ufetubi
  A worm (D:5)
  A dart slug (D:5)
  19 orcs
  10 ball pythons
  8 bats
  2 endoplasms
  6 giant cockroaches
  6 goblins
  4 hobgoblins
  2 quokkas
  3 frilled lizards
  10 kobolds
  2 rats
203 creatures vanquished.

Notes
Turn   | Place    | Note
-------+----------+-------------------------------------------
     0 | D:1      | qw the Deep Elf Hunter began the quest for the Orb.
     0 | D:1      | Reached XP level 1. HP: 12/12 MP: 3/3
     0 | D:1      | 0 ||| qw: Version: 0.3-a-9-g12657ce
     0 | D:1      | 0 ||| qw: Game counter: 4236
     0 | D:1      | 0 ||| qw: Always use a shield: true
     0 | D:1      | 0 ||| qw: God list: Okawaru
     0 | D:1      | 0 ||| qw: Allow faded altars: false
     0 | D:1      | 0 ||| qw: Do Orc after D:15 true
     0 | D:1      | 0 ||| qw: Do second Lair branch before Depths: true
     0 | D:1      | 0 ||| qw: Lair rune preference: random
     0 | D:1      | 0 ||| qw: Plans: Normal
     0 | D:1      | 0 ||| PLANNING D:1-11
   468 | D:1      | Reached skill level 6 in Ranged Weapons
   468 | D:1      | Reached XP level 2. HP: 16/16 MP: 4/4
   474 | D:1      | Found a faded altar of an unknown god.
   831 | D:1      | 831 ||| UPGRADING to +4 ring of slaying {mikee}.
   832 | D:1      | 832 ||| READING scroll labelled OGALOXZ GETHAL.
   833 | D:1      | 833 ||| READING scroll labelled DIV FACUABUNAIFAUC.
   934 | D:1      | 934 ||| READING scroll labelled AGESKE ELASTI.
   935 | D:1      | 935 ||| DRINKING 3 silvery potions.
   936 | D:1      | 936 ||| DROPPING scroll of butterflies.
  1038 | D:2      | Reached XP level 3. HP: 20/20 MP: 5/5
  1124 | D:2      | Reached skill level 7 in Ranged Weapons
  1130 | D:2      | Reached XP level 4. HP: 25/25 MP: 6/6
  1389 | D:2      | Reached skill level 8 in Ranged Weapons
  1489 | D:2      | 1489 ||| UPGRADING to +6 ring of strength.
  1490 | D:2      | 1490 ||| READING 3 scrolls labelled AFA WATOBUDD.
  1493 | D:2      | 1493 ||| READING scroll labelled XUDINE JOX TEE.
  1712 | D:3      | Found an opulent altar of Gozag.
  1791 | D:3      | Reached skill level 3 in Dodging
  1807 | D:3      | Reached XP level 5. HP: 23/29 MP: 7/7
  1960 | D:3      | Found Gozag's Platinum Reserve.
  1972 | D:3      | 1972 ||| SHOPLISTING ring of Esao {Ice Will- Int-3 Dex+8
                  | SInv} (4250 gold, have 190).
  1972 | D:3      | 1972 ||| SHOPLISTING ring of Pytemoj {rPois Int+6 Dex+2}
                  | (4380 gold, have 190).
  1972 | D:3      | 1972 ||| UPGRADING to +0 ring mail.
  1982 | D:3      | 1982 ||| DROPPING +0 leather armour.
  2015 | D:4      | Noticed an ice beast
  2025 | D:4      | 2025 ||| STAIRDANCE
  2028 | D:3      | Killed an ice beast
  2029 | D:3      | Reached skill level 9 in Ranged Weapons
  2128 | D:4      | Reached XP level 6. HP: 35/35 MP: 8/8
  2165 | D:4      | Identified the +1 ring mail of Doggish {+Inv rPois rC+}
  2363 | D:4      | Reached skill level 10 in Ranged Weapons
  2378 | D:4      | Noticed an ice beast
  2382 | D:4      | Killed an ice beast
  2402 | D:4      | Found a blossoming altar of Fedhas.
  2495 | D:4      | Reached XP level 7. HP: 34/40 MP: 9/9
  2658 | D:4      | Reached skill level 11 in Ranged Weapons
  2912 | D:4      | 2912 ||| UPGRADING to +1 ring mail of Doggish {+Inv rPois
                  | rC+}.
  2922 | D:4      | 2922 ||| DROPPING +0 ring mail.
  2923 | D:4      | 2923 ||| READING scroll labelled UPAFATZIRRO.
  2924 | D:4      | 2924 ||| DRINKING 2 orange potions.
  2925 | D:4      | 2925 ||| DRINKING 3 fizzy golden potions.
  2926 | D:4      | 2926 ||| DRINKING 2 smoky black potions.
  2927 | D:4      | 2927 ||| READING 2 scrolls of identify.
  2927 | D:4      | 2927 ||| IDENTIFYING glowing pink potion
  2942 | D:5      | Entered Level 5 of the Dungeon
  3001 | D:5      | 3001 ||| FLEEEEING.
  3382 | D:5      | Found a staircase to the Ecumenical Temple.
  3383 | D:5      | 3383 ||| PLANNING TEMPLE
  3383 | D:5      | 3383 ||| READING 2 scrolls labelled PYAQUCYICH.
  3384 | D:5      | 3384 ||| DROPPING scroll of fear.
  3408 | Temple   | Entered the Ecumenical Temple
  3445 | Temple   | 3445 ||| PLANNING D:1-11
  3607 | D:5      | Found a runed translucent door.
  3608 | D:5      | Noticed qw's ghost (novice DEHu)
  3614 | D:5      | Reached skill level 12 in Ranged Weapons
  3933 | D:5      | 3933 ||| READING scroll labelled DUACLI DUDIDOU.
  3934 | D:5      | 3934 ||| DRINKING 2 metallic amethyst potions.
  3963 | D:5      | 3963 ||| DROPPING potion of lignification.
  4022 | D:6      | Found Baotwarph's Weapon Boutique.
  4026 | D:6      | Reached XP level 8. HP: 44/44 MP: 10/10
  4028 | D:6      | Reached skill level 1 in Armour
  4046 | D:6      | 4046 ||| SHOPLISTING +6 arbalest (438 gold, have 384).
  4072 | D:6      | 4072 ||| Stepping ~*~*~tactically~*~*~ (outnumbered).
  4173 | D:6      | Reached skill level 3 in Fighting
  4469 | D:6      | Reached skill level 13 in Ranged Weapons
  4780 | D:6      | Found a broken altar of Ashenzari.
  5135 | D:6      | 5135 ||| SWAPPING to +0 orcbow.
  5136 | D:6      | 5136 ||| DROPPING +1 shortbow.
  5170 | D:6      | Reached skill level 14 in Ranged Weapons
  5468 | D:6      | 5468 ||| Stepping ~*~*~tactically~*~*~ (outnumbered).
  5479 | D:6      | 5479 ||| FLEEEEING.
  5480 | D:6      | 5480 ||| FLEEEEING.
  5481 | D:6      | 5481 ||| FLEEEEING.
  5482 | D:6      | 5482 ||| FLEEEEING.
  5483 | D:6      | 5483 ||| FLEEEEING.
  5484 | D:6      | 5484 ||| FLEEEEING.
  5485 | D:6      | 5485 ||| FLEEEEING.
  5486 | D:6      | 5486 ||| FLEEEEING.
  5487 | D:6      | 5487 ||| FLEEEEING.
  5488 | D:6      | 5488 ||| FLEEEEING.
  5489 | D:6      | 5489 ||| FLEEEEING.
  5490 | D:6      | 5490 ||| FLEEEEING.
  5491 | D:6      | 5491 ||| FLEEEEING.
  5492 | D:6      | 5492 ||| FLEEEEING.
  5493 | D:6      | 5493 ||| FLEEEEING.
  5494 | D:6      | 5494 ||| FLEEEEING.
  5495 | D:6      | 5495 ||| FLEEEEING.
  5496 | D:6      | 5496 ||| FLEEEEING.
  5497 | D:6      | 5497 ||| FLEEEEING.
  5498 | D:6      | 5498 ||| FLEEEEING.
  5499 | D:6      | 5499 ||| FLEEEEING.
  5500 | D:6      | 5500 ||| FLEEEEING.
  5501 | D:6      | 5501 ||| FLEEEEING.
  5502 | D:6      | 5502 ||| FLEEEEING.
  5503 | D:6      | 5503 ||| FLEEEEING.
  5504 | D:6      | 5504 ||| FLEEEEING.
  5505 | D:6      | 5505 ||| FLEEEEING.
  5506 | D:6      | 5506 ||| FLEEEEING.
  5507 | D:6      | 5507 ||| FLEEEEING.
  5832 | D:6      | 5832 ||| UPGRADING to +1 cloak.
  5837 | D:6      | 5837 ||| UPGRADING to +0 helmet.
  5842 | D:6      | 5842 ||| READING scroll labelled UNYRUPH UL VOZ.
  5843 | D:6      | 5843 ||| READING scroll labelled ENEEMMULAL.
  5844 | D:6      | 5844 ||| READING scroll labelled PAPNUH USIUZY.
  5872 | D:7      | Found a burning altar of Makhleb.
  5890 | D:7      | Reached XP level 9. HP: 50/50 MP: 11/11
  5915 | D:7      | Found a flagged portal.
  6001 | D:7      | Identified the +3 ring mail "Hero's Friend" {-Cast rF++
                  | Str+3 Stlth-}
  6077 | D:7      | Reached skill level 15 in Ranged Weapons
  6092 | D:7      | Reached skill level 6 in Dodging
  6135 | D:7      | HP: 12/52 [killer bee (5)]
  6136 | D:7      | 6136 ||| READING 4 scrolls of teleportation.
  6137 | D:7      | 6137 ||| DRINKING 4 potions of heal wounds.
  6224 | D:7      | Identified the +0 robe "Xiune" {Will+ MP-9 Str+3}
  6322 | D:7      | Found a runed translucent door.
  6326 | D:7      | Noticed qw's ghost (novice GrFi)
  6358 | D:7      | Noticed Prince Ribbit
  6361 | D:7      | Killed Prince Ribbit
  7919 | D:7      | 7919 ||| Stepping randomly (stuck).
  8076 | D:8      | Reached skill level 16 in Ranged Weapons
  8104 | D:8      | HP: 7/52 [orc warrior/+0 dire flail (9)]
  8105 | D:8      | 8105 ||| READING 4 scrolls of teleportation.
  8106 | D:8      | 8106 ||| DRINKING 3 potions of heal wounds.
  8108 | D:8      | 8108 ||| DRINKING 2 potions of heal wounds.
  8409 | D:8      | 8409 ||| Stepping ~*~*~tactically~*~*~ (cloud).
  8567 | D:8      | Reached XP level 10. HP: 58/58 MP: 12/12
  8972 | D:8      | 8972 ||| UPGRADING to +4 ring of protection.
  8974 | D:8      | 8974 ||| DROPPING +6 ring of strength.
  8975 | D:8      | 8975 ||| READING 3 scrolls of identify.
  8975 | D:8      | 8975 ||| IDENTIFYING bubbling sapphire potion
  8976 | D:8      | 8976 ||| READING 2 scrolls of identify.
  8976 | D:8      | 8976 ||| IDENTIFYING purple potion
  8977 | D:8      | 8977 ||| DROPPING potion of invisibility.
  9021 | D:9      | 9021 ||| STAIRDANCE
  9173 | D:9      | Found Dumucomp's Antique Weapon Shoppe.
  9280 | D:9      | 9280 ||| Stepping ~*~*~tactically~*~*~ (outnumbered).
  9435 | D:9      | Found a shimmering altar of Xom.
  9435 | D:9      | Found a stormy altar of Qazlal.
  9435 | D:9      | Found a hide-covered altar of Uskayaw.
  9557 | D:9      | Found an ancient bone altar of Kikubaaqudgha.
  9562 | D:9      | Found an iron altar of Okawaru.
  9562 | D:9      | Found a sacrificial altar of Ru.
  9562 | D:9      | Found a radiant altar of Vehumet.
  9563 | D:9      | 9563 ||| PLANNING OKAWARU WORSHIP
  9563 | D:9      | 9563 ||| READING 2 scrolls of identify.
  9563 | D:9      | 9563 ||| IDENTIFYING amethyst potion
  9564 | D:9      | 9564 ||| DROPPING potion of brilliance.
  9572 | D:9      | Became a worshipper of Warmaster Okawaru
  9573 | D:9      | 9573 ||| PLANNING D:1-11
  9773 | D:10     | Entered Level 10 of the Dungeon
  9821 | D:10     | Reached skill level 6 in Fighting
  9873 | D:10     | Noticed Maggie
  9892 | D:10     | HP: 12/60 [Maggie/+0 long sword (8)]
  9893 | D:10     | 9893 ||| READING 4 scrolls of teleportation.
  9894 | D:10     | 9894 ||| DRINKING potion of heal wounds.
 10094 | D:10     | You fall into a shaft and drop 3 floors!
 10096 | D:13     | Noticed a four-headed hydra
 10102 | D:13     | Killed a four-headed hydra
 10102 | D:13     | Reached * piety under Okawaru
 10103 | D:13     | Reached skill level 9 in Dodging
 10107 | D:13     | Noticed a tengu warrior
 10111 | D:13     | Found an iron altar of Okawaru.
 10115 | D:13     | 10115 ||| INVOKING Heroism.
 10123 | D:13     | HP: 5/60 [tengu warrior/+0 war axe (13)]
 10124 | D:13     | 10124 ||| READING 3 scrolls of teleportation.
 10124 | D:13     | Slain by a tengu warrior

Levels and vault maps discovered:
D:1:      dpeg_arrival_water_fire, layout_loops_ring,
          ebering_ecumenical_altar_rust, minmay_unequal
D:2:      layout_basic, chequers_serial_rivers_micro_c, minmay_indecisive_spiral
D:3:      layout_rooms, nicolae_gozag_zags_fifth_avenue
D:4:      cheibrodos_helix_gallery, layout_loops_ring,
          mainiacjoe_overflow_chevrons, nicolae_kite_square_tiling_tiny,
          kennysheep_cluttered_room
D:5:      layout_basic, minmay_temple_entry_crystal_x,
          ebering_ghost_reflecting_pool, chequers_arboretum
D:6:      minmay_razor_zed, layout_layer_cave, nicolae_ashenzari_skybound,
          serial_shops, shop
D:7:      layout_loops_ring, nicolae_overflow_crystal_walls,
          ebering_ghost_reflecting_pool, enter_bailey_2, hex_tiny,
          serial_bayou_pond_d, chequers_serial_rivers_small_3,
          uniq_prince_ribbit1
D:8:      layout_basic, minmay_manual_mail
D:9:      layout_small_grid, grunt_temple_overflow_open, minitemple,
          serial_shops, nicolae_shop_crystal
D:10:     layout_roguey, minmay_orc_entry_temple_small,
          chequers_serial_rivers_micro_d, uniq_maggie, uniq_amaemon
D:13:     layout_loops_cross, hangedman_vaults_entry_quadrant_bands, serial_ice,
          serial_ice_a, serial_ice_g, serial_ice_j, serial_ice_n, serial_ice_e,
          serial_ice_m, serial_ice_o, serial_ice_f, serial_ice_c, serial_ice_b,
          gammafunk_ghost_crypt, st_stairs_2, okawaru_gym_becter
Temple:   nicolae_temple_ecumenical_triangle

Skill      XL: |  1  2  3  4  5  6  7  8  9 10 |
---------------+-------------------------------+-----
Ranged Weapons | 6 7 8 9 10 12 14 16 | 16.0
Dodging        | 3 4 5 7 9 |  9.8
Fighting       | 2 3 4 6 |  6.0
Armour         | 1 2 |  2.4
Stealth        | |  1.2
Invocations    | |  0.7

Action                     |  1- 3 |  4- 6 |  7- 9 | 10-12 || total
---------------------------+-------+-------+-------+-------++-------
   Fire: Shortbow          |    55 |   123 |   194 |       ||   372
         Orcbow            |       |       |   181 |   161 ||   342
 Invoke: Heroism           |       |       |       |     1 ||     1
    Use: Scroll            |     3 |     2 |     9 |     5 ||    19
         Potion            |     1 |       |     7 |     1 ||     9
 Armour: Leather armour    |     4 |     3 |       |       ||     7
         Ring mail         |       |     6 |    44 |    25 ||    75
  Dodge: Dodged            |     3 |    22 |   141 |    63 ||   229

Table legend:
 A = Non-vault XP
 B = Vault XP
 C = Vault XP percentage of total XP
 D = Non-vault monster count
 E = Vault monster count
 F = Vault count percentage of total count
                 A         B        C        D         E       F
            +---------+---------+-------+---------+---------+-------
      Total |    7491 |    1663 |  18.2 |     174 |      29 |  14.3
            +---------+---------+-------+---------+---------+-------
        D:1 |      14 |       6 |  30.0 |       8 |       3 |  27.3
        D:2 |     108 |      30 |  21.7 |      22 |       4 |  15.4
        D:3 |     205 |       0 |   0.0 |      12 |       0 |   0.0
        D:4 |     546 |      15 |   2.7 |      24 |       2 |   7.7
        D:5 |     480 |       0 |   0.0 |      19 |       0 |   0.0
        D:6 |     760 |     615 |  44.7 |      16 |      12 |  42.9
        D:7 |    1311 |     283 |  17.8 |      22 |       1 |   4.3
        D:8 |    1087 |     582 |  34.9 |      19 |       6 |  24.0
        D:9 |    1248 |       0 |   0.0 |      25 |       0 |   0.0
       D:10 |     863 |       0 |   0.0 |       6 |       0 |   0.0
       D:13 |     869 |     132 |  13.2 |       1 |       1 |  50.0
            +---------+---------+-------+---------+---------+-------
